Map: Ever Dream LE

Players

JohnnyV

  • Race: Terran Terran
  • League: Silver
  • Spawn Location: 7:00

개스타 - Winner!

  • Race: Terran Terran
  • League: Platinum
  • Spawn Location: 1:00

VOD

Have the link to the VOD?

Description

Time

  • Played on: May 3, 2020, 7:27 p.m.
  • Length: 8:46
Show
View Real Time Build Order
Export as new Build Order

JohnnyV Terran 

Build Orders: Liberator Opening 

Get SALT Encoding   

  12  0:01  SCV  
  13  0:16  Supply Depot  
  13  0:17  SCV  
  14  0:29  SCV  
  14  0:30  Refinery  
  15  0:41  Barracks  
  15  0:46  SCV  
  16  0:58  SCV  
  17  1:11  SCV  
  18  1:23  SCV  
  19  1:28  Refinery  
  19  1:31  Supply Depot, Reaper  
  20  1:52  Orbital Command  
  20  1:58  Factory  
  20  2:03  Bunker  
  20  2:14  Marine  
  20  2:31  Supply Depot  
  20  2:54  Marine  
  21  2:58  Command Center  
  21  2:59  Factory Reactor  
  21  3:06  SCV  
  21  3:12  Marine  
  23  3:21  SCV  
  23  3:26  Starport  
  24  3:29  Marine  
  25  3:36  SCV  
  25  3:37  Hellion  
  28  3:42  Hellion  
  30  3:50  Supply Depot  
  30  3:56  SCV  
  31  4:07  Liberator  
  31  4:09  Marine  
  35  4:21  Hellion x2  
  39  4:31  Orbital Command  
  39  4:33  SCV  
  40  4:39  Barracks Tech Lab  
  39  5:18  Liberator  
  42  5:42  Siege Tank  
  45  5:43  Marine x2  
  45  5:57  SCV x2  
  46  6:05  Refinery  
  46  6:06  Refinery  
  46  6:07  Liberator  
  46  6:09  SCV x2  
  51  6:19  Marine x2  
  51  6:25  Barracks  
  53  6:27  Barracks  
  53  6:38  Engineering Bay  
  53  6:45  Engineering Bay  
  53  7:05  Starport Tech Lab  
  53  7:07  Marine x2  
  55  7:15  Barracks Tech Lab  
  55  7:16  Barracks Tech Lab  
  55  7:18  Siege Tank  
  58  7:25  SCV x2  
  60  7:30  Starport  
  62  7:37  Marauder  
  62  7:39  Concussive Shells  
  62  7:47  Supply Depot  
  62  7:48  Supply Depot  
  62  8:08  SCV x2, Medivac, Marauder  
  62  8:10  Supply Depot  
  62  8:11  Cyclone  
  70  8:20  SCV x2  
  53  8:29  Starport Tech Lab  
Show
View Real Time Build Order
Export as new Build Order

개스타 Terran - Winner!

Build Orders:  

Get SALT Encoding   

  12  0:01  SCV  
  13  0:14  SCV  
  14  0:20  Supply Depot  
  14  0:26  SCV  
  15  0:32  Refinery  
  15  0:42  SCV  
  16  0:46  Barracks  
  16  0:57  SCV  
  17  1:09  SCV  
  18  1:15  Refinery  
  18  1:21  SCV  
  19  1:34  SCV  
  20  1:42  Supply Depot, Barracks Tech Lab  
  20  1:46  SCV  
  21  1:55  Factory  
  21  2:04  Marine  
  22  2:11  SCV  
  23  2:24  SCV  
  23  2:26  Marine  
  25  2:36  SCV  
  25  2:51  Factory Tech Lab  
  25  2:55  Starport  
  25  2:56  Marine  
  26  3:00  Orbital Command  
  26  3:08  Command Center  
  26  3:12  Stimpack  
  26  3:14  Marine  
  27  3:27  SCV  
  27  3:32  Siege Tank  
  31  3:34  Starport Reactor  
  31  3:38  Supply Depot  
  31  3:59  SCV, Marine  
  31  4:01  Supply Depot  
  33  4:11  Medivac x2  
  33  4:14  SCV  
  38  4:17  Marine  
  38  4:22  SCV  
  40  4:26  SCV  
  40  4:29  Supply Depot  
  41  4:35  SCV, Marine  
  43  4:38  SCV  
  44  4:47  SCV  
  44  4:52  Combat Shield  
  45  4:55  Supply Depot  
  45  5:00  SCV  
  45  5:02  Orbital Command  
  45  5:06  Siege Tank  
  49  5:10  Medivac  
  49  5:12  SCV  
  52  5:17  Marine  
  53  5:21  Supply Depot  
  53  5:24  SCV  
  54  5:35  Marine  
  55  5:37  SCV  
  56  5:49  SCV  
  57  5:53  Marine  
  57  5:55  Medivac x2, Engineering Bay, Siege Tank  
  65  5:57  SCV  
  66  6:05  Supply Depot  
  66  6:09  SCV  
  67  6:11  Marine  
  67  6:17  SCV  
  69  6:21  SCV  
  69  6:25  Supply Depot, Terran Infantry Weapons Level 1  
  70  6:27  Siege Tank  
  70  6:29  SCV, Marine  
  70  6:32  Supply Depot  
  75  6:33  SCV  
  76  6:41  SCV  
  76  6:43  Refinery  
  76  6:45  SCV  
  76  6:46  Refinery  
  78  6:47  Marine  
  78  6:50  Supply Depot  
  78  6:53  SCV  
  80  6:58  SCV  
  81  7:04  Marine  
  81  7:05  SCV  
  81  7:06  Medivac x2  
  87  7:10  SCV  
  88  7:22  SCV, Marine  
  90  7:34  SCV  
  91  7:40  Marine  
  92  7:46  Barracks  
  92  7:47  Command Center, Siege Tank  
  92  7:48  Medivac  
  97  7:54  Barracks  
  97  7:58  Marine  
  98  8:16  Marine  
Tags
 
Add a new tag
Caveats
  • Supply blocks, unpowered buildings, or Contaminate may cause inaccurate times.
  • Supply counts are checked every 10 seconds.